[Event "USA-ch Seniors 2019"]
[Site "Saint Louis"]
[Date "2019.07.11"]
[Round "1.2"]
[White "Goldin, Alexander"]
[Black "Benjamin, Joel"]
[Result "1-0"]
[ECO "A47"]
[WhiteElo "2540"]
[BlackElo "2524"]
[Annotator "RC"]
[PlyCount "95"]
[EventDate "2019.07.09"]
[EventType "tourn"]
[EventCountry "USA"]
[TimeControl "40/5400+30:1800+30"]

1. d4 Nf6 2. Nf3 b6 3. Bg5 Ne4 4. Bh4 Bb7 5. e3 g6 6. Bd3 Bg7 7. O-O O-O 8. Nfd2 Nxd2 9. Nxd2 c5 10. c3 d6 11. f4 Ba6 12. Bxa6 Nxa6 13. f5 Qd7 14. Qg4 Nc7 15. Qh3 f6 16. Rf3 gxf5 17. Rxf5 e6 18. Rh5 cxd4 19. exd4 f5 20. Bg5 Qf7 21. Rf1 Qg6 22. Be7 Nd5 23. Rg5 Nxe7 24. Rxg6 Nxg6 25. d5 exd5 26. Qd3 d4 27. cxd4 Rae8 28. Nf3 Nf4 29. Qb3+ Kh8 30. Kh1 Re2 31. Ng5 h6 32. Nf7+ Kh7 33. Nxd6 Rf6 34. Qf3 Rxd6 35. Qxf4 Rxd4 36. Qxf5+ Kh8 37. Qc8+ Kh7 38. Qf5+ Kh8 39. h3 Rxb2 40. Qc8+ Kh7 41. Re1 Rd5 42. Qb7 Rg5 43. Qe4+ Rg6 44. g4 Rb5 45. Qd3 Re5 46. Rxe5 Bxe5 47. h4 Kg7 48. Qd7+ 1-0

[Event "USA-ch Seniors 2019"]
[Site "Saint Louis"]
[Date "2019.07.12"]
[Round "2.3"]
[White "Novikov, Igor"]
[Black "Fishbein, Alexander"]
[Result "1/2-1/2"]
[ECO "E16"]
[WhiteElo "2556"]
[BlackElo "2432"]
[Annotator "ChessBase"]
[PlyCount "60"]
[EventDate "2019.07.09"]
[EventType "tourn"]
[EventCountry "USA"]
[SourceTitle "playchess.com"]
[Source "ChessBase"]
[SourceQuality "1"]
[TimeControl "40/5400+30:1800+30"]

1. d4 Nf6 2. c4 e6 3. Nf3 Bb4+ 4. Bd2 Qe7 5. g3 Nc6 6. Nc3 Bxc3 7. Bxc3 Ne4 8. Qc2 Nxc3 9. Qxc3 Qb4 10. Qxb4 Nxb4 11. Kd2 b6 12. Bg2 Bb7 13. Kc3 a5 14. a3 Nc6 15. b3 Ne7 16. Rhd1 O-O 17. Ne1 Bxg2 18. Nxg2 Rfd8 19. Nf4 d6 20. h4 c6 21. Rac1 e5 22. Ng2 exd4+ 23. Rxd4 d5 24. Rd3 c5 25. a4 d4+ 26. Kd2 Nc6 27. Ke1 Re8 28. Rd2 h6 29. Nf4 Nb4 30. Nd3 Nxd3+ 1/2-1/2

[Event "USA-ch Seniors 2019"]
[Site "Saint Louis"]
[Date "2019.07.13"]
[Round "3.2"]
[White "Yermolinsky, Alex"]
[Black "Christiansen, Larry"]
[Result "1-0"]
[ECO "A40"]
[WhiteElo "2504"]
[BlackElo "2574"]
[Annotator "RC"]
[PlyCount "91"]
[EventDate "2019.07.09"]
[EventType "tourn"]
[EventCountry "USA"]
[SourceTitle "playchess.com"]
[Source "ChessBase"]
[SourceQuality "1"]
[TimeControl "40/5400+30:1800+30"]

1. d4 e6 2. c4 b6 3. Nf3 Bb7 4. Nc3 Bb4 5. Bg5 Ne7 6. e3 f6 7. Bf4 Bxc3+ 8. bxc3 d6 9. Qc2 g5 10. Bg3 Qd7 11. c5 Nbc6 12. cxd6 cxd6 13. Nd2 Nf5 14. Be2 O-O-O 15. e4 Nxg3 16. fxg3 Kb8 17. O-O Rhf8 18. Rf2 Qc7 19. Qd3 Ne7 20. Raf1 f5 21. exf5 exf5 22. Bf3 d5 23. Bd1 h6 24. Re1 Rf6 25. Ba4 Bc6 26. Bb3 Bb7 27. Rfe2 Nc8 28. Re5 f4 29. gxf4 gxf4 30. Nf3 Qg7 31. Qd2 Rf7 32. Re8 Rxe8 33. Rxe8 Bc6 34. Re6 Bd7 35. Re1 Rf5 36. Re5 Rf6 37. Bxd5 Nd6 38. c4 Bh3 39. Kf1 Bg4 40. c5 Bxf3 41. Bxf3 Nc4 42. Re8+ Kc7 43. cxb6+ Kd7 44. Qe2 Ne3+ 45. Rxe3 fxe3 46. bxa7 1-0

[Event "USA-ch Seniors 2019"]
[Site "Saint Louis"]
[Date "2019.07.13"]
[Round "3.3"]
[White "Fishbein, Alexander"]
[Black "Benjamin, Joel"]
[Result "1/2-1/2"]
[ECO "C85"]
[WhiteElo "2432"]
[BlackElo "2524"]
[Annotator "RC"]
[PlyCount "137"]
[EventDate "2019.07.09"]
[EventType "tourn"]
[EventCountry "USA"]
[SourceTitle "playchess.com"]
[Source "ChessBase"]
[SourceQuality "1"]
[TimeControl "40/5400+30:1800+30"]

1. e4 e5 2. Nf3 Nc6 3. Bb5 a6 4. Ba4 Nf6 5. O-O Be7 6. Bxc6 dxc6 7. d3 Nd7 8. Nbd2 O-O 9. Nc4 f6 10. Nh4 Nb6 11. Na5 Bb4 12. Bd2 Bxa5 13. Bxa5 Be6 14. Qd2 g5 15. Nf3 c5 16. b3 Qe7 17. Qc1 Nc8 18. Bd2 Bg4 19. Qd1 Na7 20. h3 Bh5 21. g4 Bf7 22. h4 Be6 23. Nh2 gxh4 24. f4 exf4 25. Rxf4 Rf7 26. Qe1 Nc6 27. Bc3 Ne5 28. Qf2 Raf8 29. Rf1 Qd6 30. Kh1 b6 31. Qe3 a5 32. R4f2 Bc8 33. Qh6 Ng6 34. g5 fxg5 35. Rxf7 Rxf7 36. Rxf7 Kxf7 37. Qxh7+ Ke8 38. Qg8+ Nf8 39. Qxg5 Qg3 40. Qxg3 hxg3 41. Nf1 Bg4 42. Kg2 Ne6 43. Kxg3 Bh5 44. Ne3 Kd7 45. Kf2 Kd6 46. Bf6 Kd7 47. Ke1 Kd6 48. Kd2 Kd7 49. Nc4 Kc8 50. c3 Be8 51. d4 cxd4 52. cxd4 a4 53. b4 b5 54. Nb2 c6 55. a3 Nf8 56. Nd3 Nd7 57. Bg5 Bg6 58. Ke3 Nb6 59. Kf3 Nc4 60. Bc1 Kd7 61. Kf4 Ke7 62. Nc5 Kf6 63. Kg4 Be8 64. e5+ Kg6 65. e6 Kf6 66. Bg5+ Kg7 67. Bc1 Kf6 68. Bg5+ Kg7 69. Bc1 1/2-1/2

[Event "USA-ch Seniors 2019"]
[Site "Saint Louis"]
[Date "2019.07.15"]
[Round "5.1"]
[White "Yermolinsky, Alex"]
[Black "Ehlvest, Jaan"]
[Result "1/2-1/2"]
[ECO "E95"]
[WhiteElo "2504"]
[BlackElo "2515"]
[Annotator "ChessBase"]
[PlyCount "60"]
[EventDate "2019.07.09"]
[EventType "tourn"]
[EventCountry "USA"]
[SourceTitle "playchess.com"]
[Source "ChessBase"]
[SourceQuality "1"]
[TimeControl "40/5400+30:1800+30"]

1. d4 Nf6 2. c4 g6 3. Nc3 Bg7 4. e4 d6 5. Be2 Nbd7 6. Nf3 e5 7. O-O O-O 8. Re1 Re8 9. d5 Nc5 10. Bg5 h6 11. Bxf6 Bxf6 12. b4 Nd7 13. Qc2 Be7 14. Rad1 Rf8 15. g3 h5 16. Bf1 h4 17. Bg2 Kg7 18. Na4 hxg3 19. hxg3 Rh8 20. c5 Nf6 21. Nb2 Bg4 22. Nc4 Rh5 23. Ne3 Bd7 24. a4 Qe8 25. Ra1 Rc8 26. Nd2 Rh8 27. Ndc4 Qg8 28. Na5 dxc5 29. Nxb7 cxb4 30. Qb2 Rh5 1/2-1/2

[Event "USA-ch Seniors 2019"]
[Site "Saint Louis"]
[Date "2019.07.15"]
[Round "5.2"]
[White "Fishbein, Alexander"]
[Black "Goldin, Alexander"]
[Result "0-1"]
[ECO "C60"]
[WhiteElo "2432"]
[BlackElo "2540"]
[Annotator "ChessBase"]
[PlyCount "66"]
[EventDate "2019.07.09"]
[EventType "tourn"]
[EventCountry "USA"]
[SourceTitle "playchess.com"]
[Source "ChessBase"]
[SourceQuality "1"]
[TimeControl "40/5400+30:1800+30"]

1. e4 e5 2. Nf3 Nc6 3. Bb5 g6 4. O-O Bg7 5. c3 d6 6. d4 Bd7 7. Re1 a6 8. Bc4 b5 9. Bd5 Nge7 10. dxe5 dxe5 11. Be3 Nxd5 12. exd5 Ne7 13. Bc5 f6 14. Qb3 Bg4 15. c4 bxc4 16. Qa3 Nxd5 17. Nc3 Nxc3 18. Qxc3 Qd5 19. Qa3 Rd8 20. Nd4 Kf7 21. Ne2 Qc6 22. Nc3 Rd3 23. Qa5 Rb8 24. Ba3 Bh6 25. Qa4 Qxa4 26. Nxa4 a5 27. Re4 Rd4 28. Rae1 Bf5 29. Rxd4 exd4 30. Re7+ Kg8 31. Rxc7 c3 32. g4 c2 33. gxf5 d3 0-1

[Event "USA-ch Seniors 2019"]
[Site "Saint Louis"]
[Date "2019.07.15"]
[Round "5.3"]
[White "Shabalov, Alexander"]
[Black "Christiansen, Larry"]
[Result "1/2-1/2"]
[ECO "B01"]
[WhiteElo "2500"]
[BlackElo "2574"]
[Annotator "ChessBase"]
[PlyCount "78"]
[EventDate "2019.07.09"]
[EventType "tourn"]
[EventCountry "USA"]
[SourceTitle "playchess.com"]
[Source "ChessBase"]
[SourceQuality "1"]
[TimeControl "40/5400+30:1800+30"]

1. e4 d5 2. exd5 Qxd5 3. Nc3 Qd6 4. d4 Nf6 5. Nf3 a6 6. g3 Bg4 7. Bg2 Nc6 8. O-O O-O-O 9. Bf4 Qb4 10. d5 e5 11. a3 Qc4 12. Bg5 Bxf3 13. Qxf3 Nd4 14. Qd1 h6 15. Be3 Kb8 16. Qd2 Nf5 17. b3 Qg4 18. Rfe1 Nxe3 19. Qxe3 Bd6 20. Na4 Qd4 21. Qe2 e4 22. c4 Rhe8 23. Rad1 Qe5 24. b4 h5 25. Rb1 h4 26. b5 hxg3 27. hxg3 Nd7 28. bxa6 b6 29. Qc2 Nc5 30. Nxc5 Bxc5 31. Rxe4 Qd6 32. Qd3 Rxe4 33. Bxe4 Ka7 34. a4 f5 35. Bxf5 Rf8 36. Rf1 Qe5 37. Bg4 Rxf2 38. Rxf2 Qe1+ 39. Kg2 Qxf2+ 1/2-1/2

[Event "USA-ch Seniors 2019"]
[Site "Saint Louis"]
[Date "2019.07.15"]
[Round "5.4"]
[White "Kaidanov, Gregory"]
[Black "Benjamin, Joel"]
[Result "1/2-1/2"]
[ECO "A05"]
[WhiteElo "2544"]
[BlackElo "2524"]
[Annotator "ChessBase"]
[PlyCount "90"]
[EventDate "2019.07.09"]
[EventType "tourn"]
[EventCountry "USA"]
[SourceTitle "playchess.com"]
[Source "ChessBase"]
[SourceQuality "1"]
[TimeControl "40/5400+30:1800+30"]

1. Nf3 Nf6 2. g3 b6 3. Bg2 Bb7 4. O-O g6 5. c4 Bg7 6. Nc3 O-O 7. d4 Ne4 8. Nxe4 Bxe4 9. Be3 d5 10. Rc1 Nc6 11. Qa4 Qe8 12. Rfd1 Rd8 13. Ne1 Bxg2 14. Kxg2 e5 15. cxd5 exd4 16. Qxc6 Qe4+ 17. Nf3 dxe3 18. Rc4 Qf5 19. fxe3 Rfe8 20. Rd3 Re7 21. b3 Rd6 22. Qa8+ Bf8 23. Rf4 Qd7 24. Rc4 Qf5 25. Rf4 Qd7 26. Kf2 c5 27. dxc6 Qxc6 28. Qxc6 Rxc6 29. Nd4 Rc1 30. Nb5 Bh6 31. Rf3 Kg7 32. g4 Bg5 33. a4 a6 34. Nc3 Bh4+ 35. Kg2 Rc2 36. Kh3 Bg5 37. Kg3 Re6 38. h4 Be7 39. g5 Bb4 40. Nd5 Be1+ 41. Kh3 Rd2 42. Nf4 Re7 43. Nd5 Re6 44. Nf4 Re7 45. Nd5 Re6 1/2-1/2

[Event "USA-ch Seniors 2019"]
[Site "Saint Louis"]
[Date "2019.07.15"]
[Round "5.5"]
[White "Dlugy, Maxim"]
[Black "Novikov, Igor"]
[Result "0-1"]
[ECO "D00"]
[WhiteElo "2518"]
[BlackElo "2556"]
[Annotator "ChessBase"]
[PlyCount "76"]
[EventDate "2019.07.09"]
[EventType "tourn"]
[EventCountry "USA"]
[SourceTitle "playchess.com"]
[Source "ChessBase"]
[SourceQuality "1"]
[TimeControl "40/5400+30:1800+30"]

1. d4 d5 2. Bf4 Nf6 3. e3 c5 4. dxc5 e6 5. b4 a5 6. c3 Bd7 7. Nd2 axb4 8. cxb4 b6 9. cxb6 Bxb4 10. Bc7 Qe7 11. Ngf3 Ba4 12. Qxa4+ Rxa4 13. Bb5+ Nfd7 14. Bxa4 O-O 15. Bxd7 Qxd7 16. a4 Na6 17. Ne5 Qe7 18. Nc6 Qc5 19. Nxb4 Qxb4 20. Rb1 Qa5 21. Bd6 Rd8 22. Bg3 d4 23. e4 e5 24. b7 f6 25. f4 Rb8 26. fxe5 fxe5 27. O-O Qxd2 28. Bxe5 Rf8 29. Rfd1 Qe3+ 30. Kh1 d3 31. Bd6 Rf2 32. Bg3 Re2 33. b8=Q+ Nxb8 34. Rxb8+ Kf7 35. Rg1 Qxe4 36. a5 d2 37. Rd8 Ke7 38. Rd6 Qe3 0-1

[Event "USA-ch Seniors 2019"]
[Site "Saint Louis"]
[Date "2019.07.17"]
[Round "6.2"]
[White "Benjamin, Joel"]
[Black "Dlugy, Maxim"]
[Result "1-0"]
[ECO "B22"]
[WhiteElo "2524"]
[BlackElo "2518"]
[Annotator "ChessBase"]
[PlyCount "79"]
[EventDate "2019.07.09"]
[EventType "tourn"]
[EventCountry "USA"]
[SourceTitle "playchess.com"]
[Source "ChessBase"]
[SourceQuality "1"]
[TimeControl "40/5400+30:1800+30"]

1. e4 c5 2. c3 d5 3. exd5 Qxd5 4. Nf3 g6 5. Na3 Bg7 6. d4 cxd4 7. Nb5 Na6 8. Nbxd4 Nf6 9. Bb5+ Bd7 10. Bxd7+ Nxd7 11. O-O O-O 12. Bg5 e5 13. Nf5 Qxd1 14. Raxd1 gxf5 15. Rxd7 f6 16. Bc1 Rf7 17. Rdd1 f4 18. g3 fxg3 19. fxg3 Rff8 20. Be3 Nb8 21. Nh4 Nc6 22. Rd7 Rf7 23. Rfd1 Re8 24. Nf5 Bf8 25. g4 b6 26. h3 Re6 27. Rxf7 Kxf7 28. Rd7+ Be7 29. Rc7 e4 30. Kf1 Kf8 31. Ke2 Bd8 32. Rxh7 Kg8 33. Rg7+ Kh8 34. Rd7 Be7 35. Nd4 Nxd4+ 36. Bxd4 Bc5 37. Rxa7 Bxd4 38. cxd4 Rc6 39. Ke3 Rc2 40. d5 1-0

[Event "USA-ch Seniors 2019"]
[Site "Saint Louis"]
[Date "2019.07.17"]
[Round "6.3"]
[White "Christiansen, Larry"]
[Black "Kaidanov, Gregory"]
[Result "0-1"]
[ECO "A06"]
[WhiteElo "2574"]
[BlackElo "2544"]
[Annotator "ChessBase"]
[PlyCount "94"]
[EventDate "2019.07.09"]
[EventType "tourn"]
[EventCountry "USA"]
[SourceTitle "playchess.com"]
[Source "ChessBase"]
[SourceQuality "1"]
[TimeControl "40/5400+30:1800+30"]

1. Nf3 d5 2. g3 Nf6 3. Bg2 c5 4. O-O e6 5. c4 d4 6. d3 Nc6 7. e3 Bd6 8. exd4 cxd4 9. a3 a5 10. Bg5 h6 11. Bxf6 Qxf6 12. Nbd2 Qd8 13. Rc1 O-O 14. c5 Bc7 15. Nc4 Qe7 16. Re1 Qxc5 17. Nce5 Qb6 18. Nxc6 bxc6 19. Re2 Bd7 20. Qa4 e5 21. Nh4 Rac8 22. Be4 g6 23. Rec2 Bd6 24. Bxc6 Be6 25. Bb5 Kg7 26. Rc6 Rxc6 27. Rxc6 Qd8 28. Rc1 Qb6 29. Rc6 Qd8 30. Rc1 Bd5 31. Bc6 Qc7 32. Rc2 Rc8 33. Bxd5 Qxc2 34. Qd7 Qc7 35. Qg4 Rb8 36. Be4 Qc1+ 37. Kg2 Qg5 38. Qd7 Qe7 39. Qg4 Qe6 40. Qxe6 fxe6 41. b4 Bxb4 42. a4 g5 43. Nf3 Kf6 44. h4 gxh4 45. Nxh4 Bc3 46. Nf3 Rb4 47. Bc6 e4 0-1

[Event "USA-ch Seniors 2019"]
[Site "Saint Louis"]
[Date "2019.07.17"]
[Round "6.5"]
[White "Yermolinsky, Alex"]
[Black "Fishbein, Alexander"]
[Result "1-0"]
[ECO "E94"]
[WhiteElo "2504"]
[BlackElo "2432"]
[Annotator "RC"]
[PlyCount "193"]
[EventDate "2019.07.09"]
[EventType "tourn"]
[EventCountry "USA"]
[SourceTitle "playchess.com"]
[Source "ChessBase"]
[SourceQuality "1"]
[TimeControl "40/5400+30:1800+30"]

1. d4 Nf6 2. c4 g6 3. Nc3 Bg7 4. e4 d6 5. Be2 O-O 6. Nf3 e5 7. O-O c6 8. d5 Na6 9. Re1 Nc5 10. Qc2 cxd5 11. cxd5 Qc7 12. Nd2 Bd7 13. a4 Bh6 14. Bb5 Rac8 15. Ra3 Nh5 16. b4 Na6 17. Qb1 f5 18. Bf1 fxe4 19. Ndxe4 Bxc1 20. Rxc1 Bf5 21. Rd1 Qe7 22. Qb2 Rc7 23. Rb3 Rfc8 24. Qd2 Nb8 25. Qe3 a6 26. b5 Nf6 27. bxa6 Nxa6 28. Rxb7 Nxe4 29. Rxc7 Rxc7 30. Nxe4 Nb4 31. Nc3 Rc5 32. Qd2 Kg7 33. Qb2 Nc2 34. Nb5 Bd7 35. Rc1 Nb4 36. Rxc5 dxc5 37. f4 Nxd5 38. Qxe5+ Qxe5 39. fxe5 Ne3 40. Be2 Bc6 41. a5 Nxg2 42. a6 Nf4 43. Bc4 Kf8 44. a7 Ke7 45. Nc7 g5 46. Kf2 Bb7 47. Kg3 Kd7 48. a8=Q Bxa8 49. Nxa8 Ng6 50. e6+ Kc6 51. Bd3 Nf4 52. Be4+ Kd6 53. Bxh7 Kxe6 54. Nb6 Nh5+ 55. Kf2 Nf6 56. Bb1 Ke5 57. Kf3 Kd4 58. Ba2 Ke5 59. Nc4+ Kf5 60. Nd6+ Kg6 61. Be6 Kg7 62. Nb7 Kg6 63. Nxc5 Kh6 64. Bg4 Kg6 65. h3 Nd5 66. Ke4 Ne7 67. Ke5 Nc6+ 68. Kd6 Nd4 69. Kd5 Nc2 70. Ke5 Ne3 71. Nd3 Nc4+ 72. Ke6 Ne3 73. Ne5+ Kh6 74. Kf6 Nd5+ 75. Kf7 Nf4 76. Nc6 Ng6 77. Kf6 Nf4 78. Ne7 Nh5+ 79. Kf7 Nf4 80. Nf5+ Kh7 81. Kf6 Nd3 82. Kxg5 Kh8 83. Nd6 Kg7 84. Kf5 Nc5 85. Kg5 Nd3 86. Kf5 Nc5 87. h4 Nd3 88. Be2 Nb4 89. Kg5 Nc6 90. h5 Ne5 91. h6+ Kh7 92. Bh5 Kh8 93. Bg6 Kg8 94. Kf5 Nc6 95. Kf6 Nd8 96. Be4 Kh8 97. Ke7 1-0

[Event "USA-ch Seniors 2019"]
[Site "Saint Louis"]
[Date "2019.07.19"]
[Round "8.5"]
[White "Fishbein, Alexander"]
[Black "Shabalov, Alexander"]
[Result "0-1"]
[ECO "B18"]
[WhiteElo "2432"]
[BlackElo "2500"]
[Annotator "RC"]
[PlyCount "116"]
[EventDate "2019.07.09"]
[EventType "tourn"]
[EventCountry "USA"]
[SourceTitle "playchess.com"]
[Source "ChessBase"]
[SourceQuality "1"]
[TimeControl "40/5400+30:1800+30"]

1. e4 c6 2. d4 d5 3. Nc3 dxe4 4. Nxe4 Bf5 5. Nc5 e5 6. Nxb7 Qc7 7. Nc5 Nf6 8. Nb3 Nbd7 9. g3 a5 10. Bg2 a4 11. Nd2 exd4 12. Ngf3 Bc5 13. Qe2+ Kd8 14. O-O Re8 15. Qc4 Qd6 16. b4 Bb6 17. b5 Rc8 18. Qxa4 cxb5 19. Qxb5 Bxc2 20. Nb3 d3 21. Ng5 Re7 22. a4 Qe5 23. Qxe5 Nxe5 24. a5 Ba7 25. Nd2 Neg4 26. Nge4 Bd4 27. Ra2 Nxe4 28. Bxe4 Nxf2 29. Rxf2 Bb1 30. Ra4 Rxc1+ 31. Kg2 Bxf2 32. Kxf2 Rc2 33. Ke3 f5 34. a6 Ra2 35. Rd4+ Ke8 36. Nxb1 Re2+ 37. Kxd3 R2xe4 38. Rd5 Ra4 39. Rxf5 Rxa6 40. Nc3 Rd6+ 41. Rd5 Rh6 42. h4 Rhe6 43. Kd2 Kf7 44. Rd4 Re5 45. Rd3 Rb7 46. Nd1 Ke6 47. Ne3 Rb2+ 48. Kc3 Reb5 49. Rd1 R2b3+ 50. Kd2 Ra5 51. Ke2 Raa3 52. Nf1 Rb2+ 53. Ke1 Kf5 54. Rc1 Kg4 55. Kd1 Kh3 56. Ke1 Rf3 57. Nd2 Re3+ 58. Kf2 Rd3 0-1